[Event "Titled Tuesday Blitz June 6 Early 2023"]
[White "Do Nascimento,Christian Almeida"]
[Black "Antonova, Nadezhda"]
[WhiteFideId "2143801"]
[BlackFideId "14700182"]
[WhiteElo "2078"]
[BlackElo "1795"]
[Result "1-0"]
[Round "6"]
[TimeControl "180+2"]
[Date "2023.06.06"]
[WhiteClock "0:00:03"]
[BlackClock "0:00:01"]
[Board "155"]

1. e4 c6 2. Nf3 d5 3. Nc3 Bg4 4. exd5 cxd5 5. Bb5+ Nc6 6. Ne5 Bd7 7. Nxd7 Qxd7 8. d4 e6 9. O-O Nf6 10. Bg5 Be7 11. Re1 O-O 12. Ne2 a6 13. Ba4 b5 14. Bb3 Ne4 15. Bxe7 Nxe7 16. Ng3 Nxg3 17. hxg3 Rfc8 18. c3 Nf5 19. Bc2 Nd6 20. Qh5 g6 21. Qg5 Qd8 22. Qf4 Nc4 23. Rab1 Qc7 24. Qh6 Qd8 25. g4 Qf8 26. Qf4 Rc6 27. g5 Rac8 28. Bd3 Nd6 29. Re3 a5 30. a3 b4 31. axb4 axb4 32. cxb4 Nc4 33. Rh3 Rb6 34. Bxc4 Rxc4 35. b3 Rcxb4 36. g3 Qg7 37. Rc1 Rb8 38. Rc3 Qxd4 39. Qc1 Qb6 40. Rc8+ Rxc8 41. Qxc8+ Kg7 42. Qc3+ Qd4 43. Qc7 Rxb3 44. Kg2 Qe4+ 45. Kh2 Rb2 46. Qc3+ d4 47. Qxb2 e5 48. Qd2 Qf3 49. Rh4 Qf5 50. Qe2 1-0


[Site "https://www.chess.com"]

[Event "Titled Tuesday Blitz June 6 Early 2023"]
[White "Camilla_Lee"]
[Black "Pg, Mohd Omar Ak Hira"]
[BlackFideId "10500103"]
[WhiteElo "2504"]
[BlackElo "2167"]
[Result "1-0"]
[Round "6"]
[TimeControl "180+2"]
[Date "2023.06.06"]
[WhiteClock "0:00:09"]
[BlackClock "0:00:02"]
[Board "156"]

1. e4 c5 2. Nf3 a6 3. c3 d5 4. exd5 Qxd5 5. d4 Bg4 6. Be2 e6 7. h3 Bh5 8. O-O Nf6 9. Be3 c4 10. Nbd2 b5 11. b3 cxb3 12. axb3 Be7 13. c4 bxc4 14. bxc4 Qd8 15. Ne5 Bxe2 16. Qxe2 O-O 17. Qf3 Nbd7 18. Nc6 Qe8 19. Rfb1 a5 20. Rb7 Bb4 21. Nf1 Kh8 22. Nxb4 axb4 23. Rxa8 Qxa8 24. Rxb4 Qa1 25. Rb7 e5 26. d5 e4 27. Qe2 Ne5 28. Kh2 Nd3 29. Ng3 Qe5 30. Kg1 Qa1+ 31. Qf1 Qc3 32. c5 h5 33. d6 h4 34. Nf5 Nxc5 35. Rc7 Nfd7 36. Bd4 Qc2 37. Bxg7+ Kh7 38. Bxf8 Nxf8 39. Rxf7+ Kg8 40. Nh6+ Kh8 41. Rxf8+ Kg7 42. Rf7+ Kxh6 43. d7 Qd2 44. Rf6+ Kg7 45. Rc6 Nxd7 46. Rc7 Kg6 47. Qb1 Nf6 48. Rc6 Kf5 49. Qc1 Qd4 50. Rc5+ Kg6 51. Qg5+ Kf7 52. Rc7+ Ke6 53. Qxh4 Qd1+ 54. Kh2 Qd6+ 55. Qg3 Qd5 56. Ra7 Nh5 57. Qg4+ Kf6 58. Qh4+ Ke6 59. Qg4+ Kf6 60. Qd7 Qe5+ 61. g3 e3 62. Qf7+ Kg5 63. h4+ Kg4 64. f3# 1-0


[Site "https://www.chess.com"]

[Event "Titled Tuesday Blitz June 6 Early 2023"]
[White "Toncheva, Nadya"]
[Black "Kuzmin, Ilya"]
[WhiteFideId "2924056"]
[BlackFideId "4153863"]
[WhiteElo "2101"]
[BlackElo "2093"]
[Result "1-0"]
[Round "6"]
[TimeControl "180+2"]
[Date "2023.06.06"]
[WhiteClock "0:00:27"]
[BlackClock "0:00:29"]
[Board "157"]

1. e4 d5 2. exd5 Qxd5 3. Nc3 Qa5 4. d4 c6 5. Nf3 Nf6 6. Bc4 Bf5 7. Ne5 e6 8. g4 Bg6 9. h4 Nbd7 10. Nxd7 Nxd7 11. Bd2 h5 12. Nd5 Qd8 13. Bg5 f6 14. Nf4 Bf7 15. Bxe6 Qa5+ 16. Kf1 fxg5 17. Bxf7+ Kxf7 18. hxg5 Qxg5 19. Qf3 Nf6 20. Qb3+ Nd5 21. Qxb7+ Be7 22. Nd3 Rad8 23. Ne5+ Kg8 24. Nxc6 Rf8 25. Qb3 Rf7 26. Re1 hxg4 27. Nxe7+ Nxe7 28. Qb8+ Rf8 29. Rxh8+ Kxh8 30. Qxf8+ Kh7 31. Qxe7 1-0


[Site "https://www.chess.com"]

[Event "Titled Tuesday Blitz June 6 Early 2023"]
[White "Womacka, Mathias"]
[Black "Martin, Lewis"]
[WhiteFideId "4611390"]
[BlackFideId "410551"]
[WhiteElo "2377"]
[BlackElo "2145"]
[Result "0-1"]
[Round "6"]
[TimeControl "180+2"]
[Date "2023.06.06"]
[WhiteClock "0:00:12"]
[BlackClock "0:00:21"]
[Board "158"]

1. e4 c5 2. Nf3 d6 3. d4 cxd4 4. Nxd4 Nf6 5. Nc3 a6 6. Be2 e5 7. Nb3 Be7 8. O-O O-O 9. Kh1 b5 10. a4 b4 11. Nd5 Nxd5 12. Qxd5 Ra7 13. Be3 Rd7 14. Bc4 Bb7 15. Qd3 Kh8 16. Bd5 Bxd5 17. Qxd5 f5 18. exf5 Rxf5 19. Nd2 Qg8 20. Qxg8+ Kxg8 21. f4 Nc6 22. Nc4 exf4 23. Bxf4 Nd4 24. Ne3 Rf8 25. Rad1 Bf6 26. Rf2 Be5 27. Bg3 Bxg3 28. Rxf8+ Kxf8 29. hxg3 Ne2 30. g4 g6 31. Kh2 Re7 32. Nd5 Rb7 33. g3 Kg7 34. Rd2 Nc1 35. Kg2 b3 36. c3 Rf7 37. Rf2 Rxf2+ 38. Kxf2 Nd3+ 39. Ke3 Nxb2 40. Nb4 Nxa4 41. Nxa6 b2 0-1


[Site "https://www.chess.com"]

[Event "Titled Tuesday Blitz June 6 Early 2023"]
[White "Beydullayeva, Govhar"]
[Black "Vera Gonzalez-Quevedo, Reynaldo"]
[WhiteFideId "13413015"]
[BlackFideId "3500055"]
[WhiteElo "2153"]
[BlackElo "2461"]
[Result "1-0"]
[Round "6"]
[TimeControl "180+2"]
[Date "2023.06.06"]
[WhiteClock "0:00:06"]
[BlackClock "0:00:01"]
[Board "159"]

1. Nf3 d5 2. g3 Bg4 3. Bg2 Nd7 4. O-O e6 5. d3 Ngf6 6. c4 Bd6 7. cxd5 exd5 8. h3 Bxf3 9. Bxf3 h5 10. Nc3 h4 11. g4 Ne5 12. Bg2 c6 13. f4 Nexg4 14. hxg4 Nxg4 15. e4 Qb6+ 16. d4 h3 17. Bf3 h2+ 18. Kh1 Nh6 19. Be3 O-O-O 20. e5 Be7 21. Qb3 Nf5 22. Bg4 g6 23. Qxb6 axb6 24. Rf2 Rh4 25. Bxf5+ gxf5 26. Rxh2 Rdh8 27. Rxh4 Rxh4+ 28. Kg2 Rg4+ 29. Kf3 Rh4 30. Rg1 Rh3+ 31. Rg3 Rh2 32. Rg2 Rh3+ 33. Ke2 Kd7 34. Na4 b5 35. Nc5+ Bxc5 36. dxc5 Ke6 37. b3 d4 38. Bxd4 Kd5 39. Bf2 Ke4 40. Rg7 Rc3 41. Kd2 Rd3+ 42. Kc2 Rf3 43. Be1 Kxf4 44. Rxf7 Kxe5 45. Rxb7 Kd5 46. Bb4 Rf2+ 47. Kd3 Rxa2 48. Rd7+ Ke5 49. Rd6 f4 50. Bc3+ Kf5 51. Rxc6 f3 52. Rf6+ Kg4 53. Ke3 Re2+ 54. Kd3 Re8 55. c6 Kg3 56. c7 1-0


[Site "https://www.chess.com"]

[Event "Titled Tuesday Blitz June 6 Early 2023"]
[White "agvania123"]
[Black "Manukian, Artak"]
[BlackFideId "13301373"]
[WhiteElo "2237"]
[BlackElo "2130"]
[Result "0-1"]
[Round "6"]
[TimeControl "180+2"]
[Date "2023.06.06"]
[WhiteClock "0:00:03"]
[BlackClock "0:00:32"]
[Board "160"]

1. d4 Nf6 2. Nf3 g6 3. e3 Bg7 4. Bd3 d5 5. O-O O-O 6. b3 b6 7. Bb2 a5 8. a4 Ba6 9. c4 c6 10. Nbd2 e6 11. Qe2 Re8 12. Ne5 Nfd7 13. f4 f6 14. Nxd7 Nxd7 15. e4 f5 16. e5 Nf8 17. Rfc1 h6 18. Ba3 g5 19. cxd5 Bxd3 20. Qxd3 Qxd5 21. Nc4 Rab8 22. Nd6 Ng6 23. Qc4 Nxf4 24. Qxd5 cxd5 25. Nxe8 Ne2+ 26. Kf2 Nxc1 27. Nxg7 Nxb3 28. Rb1 Nd2 29. Rc1 Kxg7 30. Rc7+ Kg6 31. Ke2 Nc4 32. Be7 f4 33. g3 b5 34. axb5 Rxb5 35. g4 Rb2+ 36. Kd3 h5 37. Bf6 hxg4 38. Rg7+ Kh6 39. Rxg5 g3 40. hxg3 fxg3 41. Rg8 g2 42. Rh8+ Kg6 43. Rg8+ Kf5 44. Bh4 a4 45. Rg5+ Kf4 46. Rg6 a3 47. Bg3+ Kf5 48. Rg8 g1=Q 0-1


[Site "https://www.chess.com"]

[Event "Titled Tuesday Blitz June 6 Early 2023"]
[White "Vivas Zamora, Fabian Ernesto"]
[Black "Clawitter, Craig"]
[WhiteFideId "3902480"]
[BlackFideId "2023105"]
[WhiteElo "2244"]
[BlackElo "2226"]
[Result "0-1"]
[Round "6"]
[TimeControl "180+2"]
[Date "2023.06.06"]
[WhiteClock "0:00:01"]
[BlackClock "0:00:14"]
[Board "161"]

1. e4 e6 2. d4 d5 3. Nd2 Be7 4. Ngf3 Nf6 5. e5 Nfd7 6. Bd3 c5 7. c3 Nc6 8. O-O a5 9. a4 cxd4 10. cxd4 Nb4 11. Bb1 b6 12. Re1 Ba6 13. Nf1 b5 14. Ne3 Nb6 15. axb5 Bxb5 16. Nd2 Bd3 17. Ra3 Bxb1 18. Nxb1 O-O 19. Nc3 Nc4 20. Ra1 Qb6 21. Nxc4 dxc4 22. d5 Nd3 23. Be3 Qxb2 24. Na4 Qxe5 25. Re2 Bd6 26. g3 exd5 27. Bf4 Qf6 28. Bxd6 Qxd6 29. Raa2 Rfe8 30. Kg2 Nb4 31. Rxe8+ Rxe8 32. Re2 Qc6 33. Rxe8+ Qxe8 34. Nb6 g6 35. Nxd5 Qe4+ 0-1


[Site "https://www.chess.com"]

[Event "Titled Tuesday Blitz June 6 Early 2023"]
[White "le-castor-faineant"]
[Black "Barbot, Pierre"]
[BlackFideId "663727"]
[WhiteElo "2226"]
[BlackElo "2431"]
[Result "0-1"]
[Round "6"]
[TimeControl "180+2"]
[Date "2023.06.06"]
[WhiteClock "0:00:06"]
[BlackClock "0:00:06"]
[Board "162"]

1. e4 c6 2. d4 d5 3. Nc3 dxe4 4. Nxe4 Nf6 5. Nxf6+ exf6 6. Nf3 Bd6 7. Bd3 O-O 8. O-O Nd7 9. c3 Re8 10. h3 Nf8 11. Nh4 g6 12. Qb3 Ne6 13. Bd2 f5 14. Nf3 Bf4 15. Rfe1 Bxd2 16. Nxd2 Nf4 17. Bf1 Be6 18. Qxb7 Qg5 19. Kh2 Bd5 20. Qd7 Rxe1 21. Rxe1 Nxg2 22. Re8+ Rxe8 23. Qxe8+ Kg7 24. Qe5+ Kh6 25. Qg3 Qxd2 26. Bxg2 Bxg2 27. Kxg2 Qxb2 28. Qf4+ Kg7 29. Qe5+ Kf8 30. Qh8+ Ke7 31. Qe5+ Kd7 32. d5 Qb5 33. dxc6+ Qxc6+ 34. Kg1 Qd6 35. Qg7 Qd1+ 36. Kg2 Qd5+ 37. Kg1 Qxa2 38. Qxh7 Qe6 39. Qg7 a5 40. Qd4+ Qd6 41. Qa7+ Qc7 42. Qd4+ Kc8 43. Qh8+ Kb7 44. Qd4 Qc6 45. c4 a4 46. c5 a3 47. Qb4+ Kc7 48. Qxa3 Qb5 49. Qa7+ Kc6 50. Qxf7 Qb1+ 51. Kh2 Kxc5 52. Qxg6 Qe4 53. Qg3 Kd4 54. Qg2 Qf4+ 55. Qg3 Qe4 56. h4 f4 57. Qg7+ Kd3 58. Qd7+ Ke2 59. Qa7 Kf1 60. Qa1+ Ke2 61. Qb2+ Ke1 62. Kg1 Qg6+ 63. Kh2 Qe4 64. Kg1 Qg6+ 65. Kh2 Qg4 66. Qc1+ Kxf2 67. Qd2+ Qe2 68. Qd4+ Qe3 69. Qf6 Ke1 70. Qg5 Qf2+ 71. Qg2 Qxg2+ 72. Kxg2 Ke2 73. h5 f3+ 74. Kg3 f2 75. h6 f1=Q 76. h7 Qh1 77. Kg4 Qxh7 0-1


[Site "https://www.chess.com"]

[Event "Titled Tuesday Blitz June 6 Early 2023"]
[White "Dwilewicz, Katarzyna"]
[Black "Larina, Maria"]
[WhiteFideId "1148486"]
[BlackFideId "24113182"]
[WhiteElo "2098"]
[BlackElo "1848"]
[Result "1-0"]
[Round "6"]
[TimeControl "180+2"]
[Date "2023.06.06"]
[WhiteClock "0:01:52"]
[BlackClock "0:00:51"]
[Board "163"]

1. e4 c6 2. d4 d5 3. exd5 cxd5 4. Bd3 Nc6 5. c3 e5 6. dxe5 Nxe5 7. Qe2 Qe7 8. Bb5+ Nc6 9. Bf4 Nf6 10. Nd2 Qxe2+ 11. Nxe2 Bd7 12. O-O-O O-O-O 13. f3 a6 14. Bd3 h6 15. Rhe1 g5 16. Bg3 Bc5 17. Nb3 Bb6 18. Ned4 Rhe8 19. Nf5 Be6 20. Nd6+ Rxd6 21. Bxd6 Nd7 22. Bg3 f5 23. Bxf5 Bf7 24. Rxe8+ Bxe8 25. Rxd5 Bc7 26. Nc5 Ne5 27. Bxe5 Bxe5 28. Nxd7 Bxd7 29. Bxd7+ Kc7 30. Rxe5 Kxd7 31. Kd2 Kd6 32. Re8 b5 33. Kd3 b4 34. cxb4 a5 35. bxa5 Kd7 36. Rh8 1-0


[Site "https://www.chess.com"]

[Event "Titled Tuesday Blitz June 6 Early 2023"]
[White "Mejia, Cherry Ann"]
[Black "Cramling Bellon, Anna"]
[WhiteFideId "5206880"]
[BlackFideId "32009232"]
[WhiteElo "2007"]
[BlackElo "1976"]
[Result "1-0"]
[Round "6"]
[TimeControl "180+2"]
[Date "2023.06.06"]
[WhiteClock "0:00:34"]
[BlackClock "0:00:01"]
[Board "164"]

1. e4 c5 2. Nc3 Nc6 3. g3 g6 4. Bg2 Bg7 5. d3 d6 6. Be3 e5 7. Qd2 Nge7 8. Bh6 O-O 9. h4 Bxh6 10. Qxh6 f6 11. Qd2 Nd4 12. Nd1 Be6 13. c3 Ndc6 14. Ne2 d5 15. f4 dxe4 16. dxe4 Qxd2+ 17. Kxd2 Rfd8+ 18. Ke3 Bg4 19. Nf2 exf4+ 20. gxf4 Nf5+ 21. exf5 Re8+ 22. Be4 Bxe2 23. Kxe2 gxf5 24. Rhg1+ Kh8 25. Kf3 fxe4+ 26. Nxe4 Rad8 27. Rad1 f5 28. Nxc5 b6 29. Nd3 Rg8 30. Rg5 Ne7 31. Rxg8+ Nxg8 32. Ke2 Nf6 33. Rg1 Nd5 34. Kf3 Re8 35. Ne5 h6 36. h5 Kh7 37. Rg6 Ne7 38. Re6 1-0


[Site "https://www.chess.com"]

[Event "Titled Tuesday Blitz June 6 Early 2023"]
[White "Goswami, Vedant"]
[Black "KSho99"]
[WhiteFideId "5003725"]
[WhiteElo "2011"]
[BlackElo "2202"]
[Result "1-0"]
[Round "6"]
[TimeControl "180+2"]
[Date "2023.06.06"]
[WhiteClock "0:01:09"]
[BlackClock "0:01:01"]
[Board "165"]

1. a3 e5 2. c4 Nf6 3. Nc3 c6 4. d4 exd4 5. Qxd4 d5 6. Nf3 Be6 7. Ng5 Bd6 8. Nxe6 fxe6 9. cxd5 cxd5 10. e4 Nc6 11. Bb5 O-O 12. Bxc6 bxc6 13. exd5 cxd5 14. O-O Qe8 15. Bg5 Qh5 16. Qh4 Bxh2+ 17. Kxh2 Ng4+ 18. Kg1 1-0


[Site "https://www.chess.com"]

[Event "Titled Tuesday Blitz June 6 Early 2023"]
[White "Kriti Mayur Patel"]
[Black "Llanos, Guillermo"]
[WhiteFideId "35061780"]
[BlackFideId "100358"]
[WhiteElo "1306"]
[BlackElo "2210"]
[Result "1/2-1/2"]
[Round "6"]
[TimeControl "180+2"]
[Date "2023.06.06"]
[WhiteClock "0:00:17"]
[BlackClock "0:01:05"]
[Board "166"]

1. e4 Nf6 2. e5 Nd5 3. d4 d6 4. exd6 cxd6 5. c4 Nb6 6. Nc3 g6 7. Nf3 Bg7 8. Be3 O-O 9. Bd3 Nc6 10. Qd2 Bg4 11. Ng5 Nxd4 12. h3 Bd7 13. Bxg6 hxg6 14. Bxd4 Nxc4 15. Qf4 e5 16. Qh4 Re8 17. Be3 Nxe3 18. fxe3 Qb6 19. O-O-O Qxe3+ 20. Kb1 Bf5+ 21. Ka1 Rac8 22. g4 Bc2 23. Rdf1 f5 24. Qh7+ Kf8 25. Qxg6 Re7 26. Nh7+ Kg8 27. Nf6+ Kf8 28. Nh7+ Kg8 29. Nf6+ Kf8 30. Nh7+ 1/2-1/2


[Site "https://www.chess.com"]

[Event "Titled Tuesday Blitz June 6 Early 2023"]
[White "Ziatdinov, Raset"]
[Black "Nikulina, Alena"]
[WhiteFideId "2015323"]
[BlackFideId "4172051"]
[WhiteElo "2220"]
[BlackElo "1608"]
[Result "1-0"]
[Round "6"]
[TimeControl "180+2"]
[Date "2023.06.06"]
[WhiteClock "0:00:07"]
[BlackClock "0:00:02"]
[Board "167"]

1. e4 c5 2. Nf3 e6 3. d4 cxd4 4. Nxd4 Nf6 5. Nc3 Nc6 6. Ndb5 Bb4 7. Bf4 Nxe4 8. Qf3 Nxc3 9. bxc3 Qf6 10. Nc7+ Kf8 11. cxb4 Qxa1+ 12. Kd2 Qd4+ 13. Kc1 e5 14. Be3 Qa1+ 15. Kd2 Qxa2 16. Bc5+ Kg8 17. Nxa8 d5 18. Nc7 e4 19. Qg3 Bf5 20. Qd6 e3+ 21. Kxe3 h6 22. Bd3 Bxd3 23. cxd3 Kh7 24. Qxd5 Qxd5 25. Nxd5 Ne5 26. Bxa7 Rd8 27. Nf4 g5 28. Nh5 Rxd3+ 29. Ke2 Ra3 30. Bd4 Kg6 31. Bxe5 Kxh5 32. Rc1 Ra2+ 33. Kf3 f5 34. h3 g4+ 35. hxg4+ fxg4+ 36. Kg3 Ra3+ 37. Rc3 Ra2 38. Bd6 Re2 39. Rc5+ 1-0


[Site "https://www.chess.com"]

[Event "Titled Tuesday Blitz June 6 Early 2023"]
[White "Ciuffoletti, Paolo"]
[Black "Pavlidou, Ekaterini"]
[WhiteFideId "807630"]
[BlackFideId "4213262"]
[WhiteElo "2143"]
[BlackElo "2126"]
[Result "1-0"]
[Round "6"]
[TimeControl "180+2"]
[Date "2023.06.06"]
[WhiteClock "0:00:05"]
[BlackClock "0:00:14"]
[Board "168"]

1. e4 c5 2. d4 cxd4 3. c3 d3 4. Bxd3 Nc6 5. c4 g6 6. Nc3 Bg7 7. Nf3 d6 8. O-O Nf6 9. h3 Nd7 10. Bd2 Nde5 11. Be2 O-O 12. Rc1 Be6 13. b3 a6 14. Nd5 Bxd5 15. exd5 Nxf3+ 16. Bxf3 Nd4 17. Be4 f5 18. Bb1 f4 19. f3 Qb6 20. Kh2 e5 21. dxe6 Nxe6 22. Bc3 Bxc3 23. Rxc3 Rae8 24. Rd3 Rd8 25. Re1 Nc5 26. Rd5 Qc7 27. Qd4 Qg7 28. Qxg7+ Kxg7 29. h4 Kf6 30. h5 Rfe8 31. Rxe8 Rxe8 32. Rxd6+ Re6 33. Rxe6+ Nxe6 34. hxg6 hxg6 35. Kh3 Nd4 36. Be4 b6 37. Kg4 Ne2 38. b4 Nc3 39. c5 bxc5 40. bxc5 Nxa2 41. c6 Ke7 42. Bxg6 Kd6 43. Be4 Nc3 44. Kxf4 a5 45. Ke3 a4 46. Kd3 Nb5 47. Kc4 Nc7 48. Kb4 Ne6 49. Kxa4 Nf4 50. g4 Ne2 51. g5 Nf4 52. g6 Ne6 53. f4 Nc5+ 54. Kb5 Nxe4 55. f5 Kc7 56. g7 Nf6 57. Kc5 Ng8 58. Kd5 Nh6 59. Ke6 Kd8 60. f6 Ng8 61. f7 Nh6 62. f8=Q+ Kc7 63. Qd6+ 1-0


[Site "https://www.chess.com"]

[Event "Titled Tuesday Blitz June 6 Early 2023"]
[White "Araujo Filho, Luiz Antonio Coel"]
[Black "Yanayt, Eugene"]
[WhiteFideId "2130661"]
[BlackFideId "2020165"]
[WhiteElo "2056"]
[BlackElo "2083"]
[Result "1-0"]
[Round "6"]
[TimeControl "180+2"]
[Date "2023.06.06"]
[WhiteClock "0:01:48"]
[BlackClock "0:02:12"]
[Board "170"]

1. d4 Nf6 2. Nf3 c5 3. e3 d5 4. c3 g6 5. Be2 Bg7 6. O-O O-O 7. dxc5 a5 8. Nbd2 Na6 9. Bxa6 Rxa6 10. c4 dxc4 11. Nxc4 Qc7 12. b3 Ne4 13. Bb2 f6 14. Qd5+ Re6 15. Nd4 Qxc5 16. Qxc5 Nxc5 17. Nxe6 Bxe6 18. Nxa5 b5 19. Nc6 Kf7 20. Rfd1 Nd7 21. Nd4 Bd5 22. Nxb5 Bc6 23. Na7 Nb8 24. Nxc6 Nxc6 25. Rac1 Nb4 26. a3 Na6 27. b4 Rb8 28. Rc6 Ra8 29. b5 Nb8 30. Rc8 Ke6 31. b6 1-0


[Site "https://www.chess.com"]

[Event "Titled Tuesday Blitz June 6 Early 2023"]
[White "Floresvillar Gonzalez, Luis Migu"]
[Black "Vifleemskaia, Svetlana"]
[WhiteFideId "5100542"]
[BlackFideId "4129490"]
[WhiteElo "2040"]
[BlackElo "1930"]
[Result "1/2-1/2"]
[Round "6"]
[TimeControl "180+2"]
[Date "2023.06.06"]
[WhiteClock "0:00:20"]
[BlackClock "0:00:07"]
[Board "171"]

1. e4 e5 2. Nf3 Nc6 3. Bb5 a6 4. Ba4 Nf6 5. Qe2 Bc5 6. c3 b5 7. Bc2 O-O 8. O-O Re8 9. d3 h6 10. Be3 Bxe3 11. Qxe3 d5 12. Nbd2 Ng4 13. Qe2 f5 14. exd5 Na5 15. b4 Nb7 16. Bb3 Qd7 17. h3 Nf6 18. d6+ Kh7 19. dxc7 Qxc7 20. Rac1 Be6 21. Bxe6 Rxe6 22. Rfe1 Rae8 23. Nb3 Qd6 24. Qc2 g6 25. d4 e4 26. Ne5 Nd5 27. Nc5 Nxc5 28. bxc5 Qc7 29. a4 Nf4 30. axb5 axb5 31. Qd2 g5 32. Qe3 Rxe5 33. dxe5 Nd3 34. Rb1 Nxe1 35. Qxe1 Qxc5 36. Qe2 Rxe5 37. Rc1 b4 38. c4 b3 39. Qb2 e3 40. fxe3 Qxe3+ 41. Kh1 f4 42. Rc3 Qe1+ 43. Kh2 Re3 44. Rxe3 Qxe3 45. c5 Qxc5 46. Qxb3 Qe5 47. Kh1 Qe1+ 48. Kh2 Qe5 49. Kh1 Kg6 50. Qd3+ Qf5 51. Qd6+ Qf6 52. Qd3+ Kf7 53. Qd7+ Qe7 54. Qf5+ Kg7 55. Qd3 Qe5 56. Qd7+ Kf6 57. Qc6+ Qe6 58. Qc3+ Kg6 59. Qd3+ Kf7 60. Qf3 Qe3 61. Qb7+ Kf6 62. Qc6+ Qe6 63. Qc3+ Kg6 64. Qd3+ Qf5 65. Qd6+ Qf6 66. Qd3+ Kf7 67. Qd7+ Qe7 68. Qd5+ Kg7 69. Qd4+ Kf8 70. Qh8+ Kf7 71. Qxh6 Ke8 72. Qg6+ Kd7 73. Qf5+ Ke8 74. Qg6+ Kd7 75. Qf5+ Ke8 76. Qg6+ 1/2-1/2


[Site "https://www.chess.com"]

[Event "Titled Tuesday Blitz June 6 Early 2023"]
[White "Sarkar, Justin"]
[Black "Zallio, Luciano de Souza"]
[WhiteFideId "2010011"]
[BlackFideId "2109700"]
[WhiteElo "2151"]
[BlackElo "2057"]
[Result "0-1"]
[Round "6"]
[TimeControl "180+2"]
[Date "2023.06.06"]
[WhiteClock "0:00:02"]
[BlackClock "0:00:47"]
[Board "172"]

1. e4 e6 2. d4 d5 3. Nc3 Nf6 4. e5 Nfd7 5. Qh5 c5 6. Nf3 Be7 7. Bd3 cxd4 8. Nxd4 g6 9. Qe2 Nc6 10. Nxc6 bxc6 11. O-O O-O 12. Bh6 Re8 13. b3 f6 14. exf6 Nxf6 15. Na4 Qd6 16. c4 e5 17. f3 Bf5 18. Bxf5 gxf5 19. Rfe1 e4 20. fxe4 fxe4 21. g4 Kh8 22. Kh1 Nxg4 23. Qxg4 Qxh6 24. cxd5 cxd5 25. Rad1 Bd6 26. Re2 Rg8 27. Qf5 Rg5 28. Qf7 Rag8 29. Nc3 Rh5 0-1


[Site "https://www.chess.com"]

[Event "Titled Tuesday Blitz June 6 Early 2023"]
[White "Joubert, Dantelle"]
[Black "Rodriguez Santiago, Jaime"]
[WhiteFideId "14310813"]
[BlackFideId "3100898"]
[WhiteElo "1507"]
[BlackElo "2025"]
[Result "0-1"]
[Round "6"]
[TimeControl "180+2"]
[Date "2023.06.06"]
[WhiteClock "0:00:04"]
[BlackClock "0:00:22"]
[Board "173"]

1. e4 c6 2. d4 d5 3. e5 Bf5 4. h4 h5 5. Ne2 e6 6. Ng3 Bg6 7. Bd3 Bxd3 8. Qxd3 Qa5+ 9. c3 Qa6 10. Qxa6 Nxa6 11. Bg5 f6 12. exf6 gxf6 13. Bf4 Ne7 14. Ne2 Ng6 15. Bg3 e5 16. O-O Bd6 17. f4 O-O-O 18. fxe5 fxe5 19. dxe5 Nxe5 20. Nd4 Rhg8 21. Bf4 Nc5 22. Nd2 Ncd3 23. Bg5 Rde8 24. Nf5 Bc5+ 25. Kh1 Ng4 26. Nd4 Bxd4 27. cxd4 Re2 28. Nf3 Rxb2 29. Rfb1 Re2 30. Rb3 Rge8 31. Rxd3 Nf2+ 32. Kh2 Nxd3 33. Rb1 Rxa2 34. Rb3 Ree2 35. Rxd3 Rxg2+ 36. Kh3 b5 0-1


[Site "https://www.chess.com"]

[Event "Titled Tuesday Blitz June 6 Early 2023"]
[White "Rodriguez Polo, Mateo"]
[Black "Sanchez, Robert"]
[WhiteFideId "24509396"]
[BlackFideId "2034360"]
[WhiteElo "2117"]
[BlackElo "1794"]
[Result "1-0"]
[Round "6"]
[TimeControl "180+2"]
[Date "2023.06.06"]
[WhiteClock "0:00:04"]
[BlackClock "0:00:12"]
[Board "174"]

1. d4 Nf6 2. c4 g6 3. b3 Bg7 4. Bb2 O-O 5. Nf3 d5 6. g3 c6 7. Bg2 Bf5 8. O-O a5 9. Nc3 Na6 10. a3 h6 11. Rc1 Re8 12. Ne5 Rc8 13. h3 h5 14. Kh2 Be6 15. Na4 Nd7 16. f4 Nxe5 17. dxe5 dxc4 18. bxc4 Qc7 19. c5 Ra8 20. Qc2 Red8 21. Nb6 Ra7 22. e4 f6 23. f5 gxf5 24. exf5 Bf7 25. e6 Be8 26. Rcd1 Bh6 27. h4 Be3 28. Rxd8 Qxd8 29. Rd1 Qc7 30. Nd7 Ra8 31. Bc1 Bxc1 32. Qxc1 Rd8 33. Qh6 Nxc5 34. Qf8+ Kh7 35. Qxe7+ Kh6 36. Qxc5 Bxd7 37. exd7 Rxd7 38. Qe3+ Kg7 39. Rxd7+ Qxd7 40. Qf4 Qe7 41. g4 Qxa3 42. g5 Qb4 43. Qc7+ Kf8 44. Qd8+ Kf7 45. Qd7+ Kg8 46. Qd8+ Kh7 47. g6+ Kg7 48. Qd7+ Kf8 49. Qd8+ Kg7 50. Qd7+ Kg8 51. Qf7+ Kh8 52. Qh7# 1-0


[Site "https://www.chess.com"]

[Event "Titled Tuesday Blitz June 6 Early 2023"]
[White "Hinds, Nathan"]
[Black "Porat, Tori"]
[WhiteFideId "7400730"]
[BlackFideId "30982626"]
[WhiteElo "2001"]
[BlackElo "1752"]
[Result "1-0"]
[Round "6"]
[TimeControl "180+2"]
[Date "2023.06.06"]
[WhiteClock "0:00:34"]
[BlackClock "0:00:14"]
[Board "175"]

1. Nf3 d5 2. d4 Nf6 3. c4 c6 4. Nc3 e6 5. g3 Bb4 6. Bg2 Ne4 7. Bd2 Nxd2 8. Qxd2 O-O 9. O-O dxc4 10. Ne5 Nd7 11. Nxc4 Nf6 12. a3 Be7 13. Rfd1 Qc7 14. e4 Rd8 15. Rac1 a6 16. Qe2 b5 17. Ne5 Rb8 18. b4 Bd6 19. Nd3 a5 20. e5 Be7 21. exf6 Bxf6 22. Nc5 axb4 23. axb4 Bxd4 24. N3e4 e5 25. Nb3 Be6 26. Nxd4 exd4 27. Nc5 Bc4 28. Qg4 d3 29. Rc3 Qe5 30. Rcc1 d2 31. Rc2 Qe1+ 32. Bf1 Bxf1 33. Rcxd2 Be2+ 34. Rxe1 Bxg4 35. Rxd8+ Rxd8 36. Kg2 h6 37. h3 Bf5 38. g4 Bg6 39. Re7 Rd4 40. Na6 Rc4 41. Rc7 Be4+ 42. f3 Bd5 43. Kf2 Rc2+ 44. Ke3 Rc3+ 45. Kd4 Rxf3 46. Nb8 Rxh3 47. Nxc6 Bxc6 48. Rxc6 Rh1 49. Rb6 Rg1 50. Rxb5 Rxg4+ 51. Kc3 Rg1 52. Rf5 Rb1 53. Rf2 Rc1+ 54. Kb2 Rc4 55. Kb3 Rc1 56. b5 Rb1+ 57. Rb2 Rc1 58. b6 Rc8 59. b7 Rb8 60. Kc4 h5 61. Kc5 h4 62. Kc6 h3 63. Kc7 Rxb7+ 64. Kxb7 g5 65. Kc6 g4 66. Kd5 Kg7 67. Ke4 Kg6 68. Kf4 Kh5 69. Kg3 f5 70. Rb8 Kg5 71. Rg8+ Kf6 72. Rf8+ Kg5 73. Rg8+ Kf6 74. Ra8 Kg5 75. Ra5 Kg6 76. Rb5 Kg5 77. Rc5 Kf6 78. Kf4 h2 79. Rc1 Kg6 80. Rh1 Kh5 81. Rxh2+ Kg6 82. Rb2 Kf6 83. Rb6+ Kg7 84. Kxf5 g3 85. Rb2 Kf7 86. Rg2 Ke7 87. Rxg3 Kd6 88. Rd3+ Kc5 89. Ke4 Kc4 90. Rd4+ Kc5 91. Ke5 Kc6 92. Rd5 Kc7 93. Rd6 Kc8 94. Kd5 Kc7 95. Kc5 Kc8 96. Kc6 Kb8 97. Rd7 Kc8 98. Kd6 Kb8 99. Rc7 Ka8 100. Kc6 Kb8 101. Kb6 Ka8 102. Rc5 Kb8 103. Rc4 Ka8 104. Rc3 Kb8 105. Rc2 Ka8 106. Rc1 Kb8 107. Rc7 Ka8 108. Rc8# 1-0


[Site "https://www.chess.com"]

[Event "Titled Tuesday Blitz June 6 Early 2023"]
[White "Joshi, Pankaj"]
[Black "Winkels, Marcel"]
[WhiteFideId "5006210"]
[BlackFideId "1003887"]
[WhiteElo "2283"]
[BlackElo "1900"]
[Result "1-0"]
[Round "6"]
[TimeControl "180+2"]
[Date "2023.06.06"]
[WhiteClock "0:00:20"]
[BlackClock "0:00:35"]
[Board "176"]

1. e4 Nf6 2. e5 Nd5 3. c4 Nb6 4. d4 d6 5. exd6 cxd6 6. Nc3 g6 7. Be3 Bg7 8. Rc1 O-O 9. h3 Nc6 10. Nf3 Bf5 11. Be2 e5 12. d5 Ne7 13. O-O Bd7 14. b4 f5 15. c5 Nbc8 16. b5 f4 17. cxd6 fxe3 18. dxe7 exf2+ 19. Rxf2 Qxe7 20. Bc4 e4 21. d6+ Kh8 22. dxe7 Nxe7 23. Qxd7 exf3 24. Qxe7 Rae8 25. Qxb7 Bd4 26. gxf3 Re3 27. Kg2 Rf5 28. Qc8+ Kg7 29. Qd7+ Kh6 30. Qxd4 Rg5+ 31. Kh2 Rge5 32. Qh4+ Kg7 33. Ne4 Rf5 34. Qe7+ Kh6 35. Qh4+ Kg7 36. Bg8 Kxg8 37. Rc7 h5 38. Qd8+ Rf8 39. Nf6+ 1-0


[Site "https://www.chess.com"]